 Zot Defence DCSS version 0.15.2 (webtiles) character file.

39 JeffiDaFish the Shield-Bearer (level 3, 0/1 (24) HPs)
             Began as a Gargoyle Fighter on Feb 18, 2017.
             Rotted away (an ooze)
             ... in the Realm of Zot (Scenario II: Battle Heart).
             The game lasted 00:02:31 (362 turns).

JeffiDaFish the Shield-Bearer (Gargoyle Fighter)     Turns: 362, Time: 00:02:31

HP   0/1 (24)    AC 10     Str 19      XL: 3   Next: 45%
MP   3/3         EV  6     Int  8      God:
Gold 0           SH  9     Dex 10      Spells:  0 memorised,  2 levels left

rFire  . . .     SeeInvis .     a - +0 war axe
rCold  . . .     Clarity  .     b - +0 scale mail
rNeg   + . .     rCorr    .     c - +0 shield
rPois  +         rRot     +     (no helmet)
rElec  +         Spirit   .     (no cloak)
SustAb .         Warding  .     (no gloves)
rMut   .         Stasis   .     (no boots)
Gourm  .                        (no amulet)
MR     .....                    (no ring)
                                (no ring)

@: not resistant to hostile enchantments, extremely unstealthy
A: negative energy resistance 1, electricity resistance, unbreathing,
petrification resistance, rot immunity, AC +3
a: Make oklob sapling, Make arrow trap


You were in the Realm of Zot.
You were not hungry.

You visited 1 branch

Inventory:

Hand weapons
 a - a +0 war axe (weapon)
Armour
 b - a +0 scale mail (worn)
 c - a +0 shield (worn)
Comestibles
 f - a bread ration
 l - a chunk of rat flesh
 m - a chunk of rat flesh
 n - 2 chunks of goblin flesh
 o - a chunk of bat flesh
Scrolls
 k - a scroll of blinking
Potions
 d - 3 potions of curing
 e - a potion of might
 g - a potion of heal wounds
 h - a potion of haste
 i - 2 potions of magic
 j - a potion of berserk rage


   Skills:
 + Level 3.7 Fighting
 + Level 2.0 Axes
 + Level 3.5 Armour
 + Level 0.4 Dodging
 + Level 4.0 Shields


You had 2 spell levels left.
You didn't know any spells.

Dungeon Overview and Level Annotations

Branches:
    Zot (1/1)

Altars:


Innate Abilities, Weirdness & Mutations

You are resistant to torment.
You are immune to poison.
Your stone body is very resilient (AC +3).
You resist negative energy.
You are resistant to electric shocks.
You can survive without breathing.
You are immune to petrification.
You are immune to rotting.


Message History

You block the rat's attack. The ooze hits you.
Your flesh rots away as the Orb of Zot is desecrated. x3
Your flesh rots away as the Orb of Zot is desecrated.
You hit the rat.
You kill the rat!
Your flesh rots away as the Orb of Zot is desecrated.
You hit the ooze.
The ooze is moderately wounded.
Your shield prevents you from hitting the ooze.
Your flesh rots away as the Orb of Zot is desecrated.
The ooze is lightly wounded.
You barely miss the goblin.
Your flesh rots away as the Orb of Zot is desecrated.
The goblin closely misses you. You block the ooze's attack.
Your flesh rots away as the Orb of Zot is desecrated. x3
Your shield and scale mail prevent you from hitting the ooze.
The ooze is moderately wounded.
Your flesh rots away as the Orb of Zot is desecrated.
Ouch! That really hurt!
You die...

....▓ ▓∆▓∆▓∆▓▓▓∆▓∆▓∆▓ ▓......
...▓▓ ▓∆∆∆∆∆▓ ▓∆∆∆∆∆▓ ▓▓.....
▓▓▓▓ ▓▓▓▓▓▓▓▓▓▓▓▓▓▓▓ ▓▓▓▓▓▓ ▓▓.▓▓
▓▓...▓▓ ▓▓..P..▓▓
▓▓▓▓▓▓▓.......▓▓▓▓▓▓▓ ▓▓
▓▓▓▓▓▓.......)%..g.......▓▓▓▓▓▓▓.
..........(....J@(K.)............
.....▓.........J)J.......▓.......
.....▓▓▓▓▓▓▓.......▓▓▓▓▓▓▓.......
...▓▓▓ ▓▓.....▓▓ ▓▓▓..... ..▓▓
▓▓...▓▓ ▓▓.... .▓▓ ▓▓.▓▓ ▓▓... ▓▓
▓▓▓ ▓▓▓. ▓▓


You could see 3 oozes, a goblin, a kobold and a friendly oklob sapling.

Vanquished Creatures
  A worm (Zot)
  4 bats (Zot)
  A giant cockroach (Zot)
  A kobold (Zot)
  4 rats (Zot)
11 creatures vanquished.

Vanquished Creatures (collateral kills)
  A hobgoblin (Zot)
  3 kobolds (Zot)
  A giant newt (Zot)
  3 goblins (Zot)
  A rat (Zot)
9 creatures vanquished.

Grand Total: 20 creatures vanquished

Notes
Turn   | Place    | Note
--------------------------------------------------------------
     0 | Zot      | JeffiDaFish, the Gargoyle Fighter, began the quest for the Orb.
     0 | Zot      | Reached XP level 1. HP: 14/14 MP: 1/1
   212 | Zot      | Reached XP level 2. HP: 17/19 MP: 2/2
   266 | Zot      | Reached XP level 3. HP: 23/23 MP: 3/3
   339 | Zot      | Reached skill level 4 in Shields
   362 | Zot      | Rotted away (an ooze)

Action                   || total
-------------------------++-------
Melee: War axe           ||    34
 Abil: Make oklob saplin ||     1
